 Dungeon Crawl Stone Soup version 0.16-a0-3596-g438c78e (webtiles) character file.

58 PolkaDot the Sneak (level 3, 0/24 HPs)
             Began as a Vampire Enchanter on Jan 12, 2015.
             Slain by Robin
             ... wielding a +0 spear
              (3 damage)
             ... on level 2 of the Dungeon.
             The game lasted 00:05:15 (2362 turns).

PolkaDot the Sneak (Vampire Enchanter)              Turns: 2362, Time: 00:05:15

Health: 0/24       AC:  4    Str:  7    XL:     3   Next: 75%
Magic:  0/6        EV: 12    Int: 18    God:
Gold:   37         SH:  0    Dex: 14    Spells: 3 memorised, 0 levels left

rFire  . . .     SeeInvis +     a - +1 dagger
rCold  + + .     Clarity  .     h - +2 robe {MR+}
rNeg   + + +     SustAb   .     (no shield)
rPois  +         Gourm    .     (no helmet)
rElec  .         Spirit   .     (no cloak)
rCorr  .         Warding  .     (no gloves)
rMut   .         Stasis   .     (no boots)
MR     +....                    (no amulet)
Stlth  ++++......               (no ring)
                                (no ring)

@: about to teleport, very slightly contaminated, regenerating slowly, somewhat
resistant to hostile enchantments, stealthy
A: bottle blood, fangs 3, see invisible, unbreathing
a: Bat Form


You were on level 2 of the Dungeon.
You were near bloodless.

You visited 1 branch of the dungeon, and saw 2 of its levels.

You collected 37 gold pieces.

Inventory:

Hand weapons
 a - a +1 dagger (weapon)
Armour
 h - a +2 robe of magic resistance (worn)
Scrolls
 e - a scroll of remove curse {unknown}
 f - a scroll of enchant weapon {unknown}
 g - a scroll of identify {unknown}
Books
 c - a book of Maledictions

   Spells                             Type                      Level
   a - Corona                         Hexes                        1
   b - Sure Blade                     Hexes/Charms                 2
   c - Ensorcelled Hibernation        Hexes/Ice                    2
   d - Confuse                        Hexes                        3
   e - Dazzling Spray                 Conjuration/Hexes            3
   f - Enslavement                    Hexes                        4


   Skills:
 + Level 1.8 Short Blades
 - Level 2.1 Dodging
 + Level 5.6 Stealth
 - Level 2.0 Spellcasting
 * Level 5.4 Hexes
 - Level 1.0 Ice Magic


You couldn't memorise any spells.
You knew the following spells:

 Your Spells              Type           Power        Failure   Level  Hunger
a - Corona                Hex            ###....      1%          1    #......
c - Confuse               Hex            ###.....     10%         3    ###....
d - Ensorcelled Hibernat  Hex/Ice        ##....       10%         2    ###....


Dungeon Overview and Level Annotations

Branches:
Dungeon (2/15)

Altars:

Annotations:
D:2 Robin, Terence


Innate Abilities, Weirdness & Mutations

You heal slowly.
You can bottle blood from corpses.
You have razor-sharp teeth.
You have supernaturally acute eyesight.
You can survive without breathing.


Message History

Aiming: Ensorcelled Hibernation
Press: ? - help, Shift-Dir - straight line, f - goblin
Aim: a goblin, wielding a club (consumed by blood-lust, chance 63%)
You miscast Ensorcelled Hibernation.
You are very lightly contaminated with residual magic.
Nothing appears to happen.
* * * LOW MAGIC WARNING * * *
The goblin hits you with a club.
* * * LOW HITPOINT WARNING * * *
Robin hits you but does no damage. The goblin hits you.
* * * LOW HITPOINT WARNING * * *
The goblin completely misses you.
You aren't carrying any potions.
Read which item? (? for menu, Esc to quit)
As you read the scroll labeled THAKHL TROA, it crumbles to dust.
You feel strangely unstable.
It was a scroll of teleportation.
The goblin barely misses you. The goblin hits you.
* * * LOW HITPOINT WARNING * * *
Robin hits you from afar with a spear.
You die...

#.##.##..#####.#
#.#########.##.##..##.....
...........................
#........#..#####........#
#..###.##.#..#####.#####...
#.............# #.##
#..###.#.###### #w#
#..###g#.## ##.##
#.ggg@g#..# #...#
#...#g#####.># #...#
#g..g..# #..# #...#
......g.# #..# #####...#
......... ##..####....<...
..g...... #...............
g....g..# #.######........
..gg..## #.# #####...#
....## #.# #........


You could see Robin, a hobgoblin (frenzied) and 4 goblins.

Vanquished Creatures
  2 adders (D:2)
  A giant gecko (D:1)
  A ball python (D:1)
  A giant cockroach (D:2)
  7 hobgoblins
  5 bats (D:1)
  3 giant newts
  9 goblins
  3 kobolds
  10 rats
42 creatures vanquished.

Notes
Turn   | Place    | Note
--------------------------------------------------------------
     0 | D:1      | PolkaDot, the Vampire Enchanter, began the quest for the Orb.
     0 | D:1      | Reached XP level 1. HP: 13/13 MP: 3/3
   168 | D:1      | Reached XP level 2. HP: 13/19 MP: 2/4
   269 | D:1      | Learned a level 2 spell: Ensorcelled Hibernation
   458 | D:1      | Reached skill level 1 in Ice Magic
   672 | D:1      | Reached skill level 5 in Hexes
   852 | D:2      | Reached skill level 5 in Stealth
   852 | D:2      | Reached XP level 3. HP: 22/24 MP: 0/6
  1531 | D:2      | Noticed Terence
  2250 | D:2      | Learned a level 3 spell: Confuse
  2329 | D:2      | Noticed Robin
  2362 | D:2      | Slain by Robin

Action                   || total
-------------------------++-------
Melee: Dagger            ||    97
 Cast: Corona            ||     2
       Ensorcelled Hiber ||    20
 Abil: End Transformatio ||     1
       Bat Form          ||     1
  Use: Scroll            ||     1
 Stab: Sleeping          ||    22
